 Dungeon Crawl Stone Soup version 0.19-a0-1922-g1e9a4c1 (webtiles) character file.

156 taqueso the Shield-Bearer (level 5, -1/41 HPs)
             Began as a Formicid Fighter on Oct 25, 2016.
             Slain by a gnoll
             ... wielding a +0 halberd
              (5 damage)
             ... on level 3 of the Dungeon.
             The game lasted 00:05:39 (2470 turns).

taqueso the Shield-Bearer (Formicid Fighter)        Turns: 2470, Time: 00:05:40

Health: -1/41      AC:  8    Str: 26    XL:     5   Next: 64%
Magic:  5/5        EV:  8    Int:  7    God:
Gold:   109        SH: 10    Dex: 11    Spells: 0 memorised, 4 levels left

rFire  . . .     SeeInvis +     a - +0 war axe
rCold  . . .     Gourm    .     b - +0 scale mail
rNeg   . . .     Faith    .     c - +0 shield
rPois  .         Spirit   .     (helmet unavailable)
rElec  .         Reflect  .     p - +0 cloak
rCorr  .         Harm     .     (no gloves)
MR     .....                    (no boots)
Stlth  ..........               (no amulet)
                                (no ring)
                                (no ring)

@: mighty
A: permanent stasis, dig shafts and tunnels, four strong arms, antennae 3
a: Dig, Shaft Self


You were on level 3 of the Dungeon.
You were not hungry.

You visited 1 branch of the dungeon, and saw 3 of its levels.

You collected 109 gold pieces.

Inventory:

Hand Weapons
 a - a +0 war axe (weapon)
Missiles
 e - 41 stones (quivered)
Armour
 b - a +0 scale mail (worn)
 c - a +0 shield (worn)
 p - a +0 cloak (worn)
   (You took it off Crazy Yiuf on level 2 of the Dungeon)
Wands
 d - a wand of flame (27/48)
   (You took it off a kobold on level 2 of the Dungeon)
Scrolls
 g - 3 scrolls of identify {unknown}
 h - a scroll of blinking {unknown}
 k - 3 scrolls of remove curse {unknown}
 l - 2 scrolls of teleportation {unknown}
 m - a scroll of noise {unknown}
 o - a scroll of enchant weapon {unknown}
Comestibles
 f - 3 bread rations {@e1}
 i - 8 chunks of flesh {@w0}
 n - a slice of pizza


   Skills:
 - Level 3.2 Fighting
 * Level 4.6 Axes
 - Level 3.2 Armour
 + Level 4.9 Shields


You had 4 spell levels left.
You didn't know any spells.

Dungeon Overview and Level Annotations

Branches:
Dungeon (3/15)

Altars:


Innate Abilities, Weirdness & Mutations

You are under a permanent stasis effect.
You can dig through walls and to a lower floor.
Your four strong arms can wield two-handed weapons with a shield.
You have a pair of large antennae on your head. (SInv)


Message History

Health restored: 41 You extend your mandibles.
You are already prepared to dig.
You dig through the rock wall.
You dig through the rock wall.
You retract your mandibles.
e - 36 stones (gained 24)
e - 37 stones (gained 1)
e - 38 stones (gained 1) Some of the chunks of flesh in your inventory have rotted away.
e - 39 stones (gained 1)
You butcher the orc corpse.
i - 6 chunks of flesh {@w0} (gained 2)
Things that are here:
a mace; a leather armour; an orc skeleton
Things that are here:
a mace; a leather armour; an orc skeleton
e - 40 stones (gained 1)
e - 41 stones (gained 1)
You butcher the gnoll corpse.
i - 8 chunks of flesh {@w0} (gained 2)
Things that are here:
a ring mail; an orc skeleton You sense a monster nearby.
You extend your mandibles.
You dig through the rock wall.
A frilled lizard comes into view.
You block the frilled lizard's attack.
A gnoll comes into view. It is wielding a halberd.
You retract your mandibles.
You completely miss the frilled lizard.
The gnoll shouts!
You block the frilled lizard's attack. The frilled lizard bites you.
A gnoll comes into view. It is wielding a spear.
You take 3 damage, and have 38/41 hp.
You barely miss the frilled lizard.
The gnoll shouts!
You block the frilled lizard's attack.
You miss the frilled lizard.
The frilled lizard bites you but does no damage.
Your scale mail prevents you from hitting the frilled lizard.
The gnoll shouts!
The frilled lizard bites you.
You take 1 damage, and have 38/41 hp.
You hit the frilled lizard but do no damage.
You block the frilled lizard's attack.
The gnoll hits you from afar with a halberd.
The frilled lizard bites you.
You take 5 damage, and have 33/41 hp.
You barely miss the frilled lizard. You block the gnoll's attack.
You block the frilled lizard's attack. The gnoll closely misses you.
You barely miss the frilled lizard. You block the frilled lizard's attack.
The gnoll hits you but does no damage.
The frilled lizard bites you but does no damage.
You hit the frilled lizard.
You kill the frilled lizard!
The gnoll barely misses you.
You hit the gnoll but do no damage. You block the gnoll's attack.
The gnoll hits you from afar with a halberd!
You take 12 damage, and have 22/41 hp.
MASSIVE DAMAGE!!
You slash the gnoll!
You kill the gnoll!
You block the gnoll's attack.
A kobold comes into view.
The kobold shouts!
You block the gnoll's attack. The gnoll hits you but does no damage.
Things that are here:
a whip; a gnoll corpse You barely miss the gnoll.
The gnoll hits you from afar with a spear.
You block the gnoll's attack.
You take 1 damage, and have 21/41 hp.
You hit the gnoll.
The gnoll hits you from afar with a spear.
You block the gnoll's attack. The gnoll hits you but does no damage.
You take 4 damage, and have 17/41 hp.
You closely miss the gnoll. The gnoll hits you with a halberd.
You block the gnoll's attack.
You take 3 damage, and have 14/41 hp.
You hit the gnoll. The gnoll hits you with a halberd!
* * * LOW HITPOINT WARNING * * *
The gnoll hits you but does no damage.
You take 7 damage, and have 7/41 hp.
It was a potion of haste.
Your stasis keeps you stable.
You block the gnoll's attack. x2
You barely miss the gnoll. You block the gnoll's attack.
The gnoll hits you but does no damage. The gnoll barely misses you.
The gnoll hits you from afar with a halberd.
* * * LOW HITPOINT WARNING * * *
You take 4 damage, and have 3/41 hp.
You feel very mighty all of a sudden. You block the gnoll's attack.
The gnoll closely misses you. You block the gnoll's attack.
Things that are here:
a whip; a gnoll corpse You barely miss the gnoll.
You block the gnoll's attack. The gnoll hits you but does no damage.
You closely miss the gnoll. You block the gnoll's attack.
The gnoll hits you with a halberd.
You die...

#.......##...####.#
#.......###.......#
#.......# #.###...#
#.......###.##..#.#
#..................
.....#####..#.?...#
...... ##.#.....#
#.## ..$.# #@#
....# #g# ...#


Kg# ...# ...# #...# #...# ....# ...... You could see 2 gnolls and a kobold.

Vanquished Creatures
  Crazy Yiuf (D:2)
  2 gnolls (D:3)
  3 adders (D:2)
  2 worms (D:2)
  A dart slug (D:2)
  3 leopard geckos
  10 orcs (D:3)
  2 bats (D:1)
  A giant cockroach (D:1)
  6 goblins
  5 hobgoblins
  7 jackals
  A quokka (D:2)
  5 frilled lizards
  8 kobolds
  2 rats
59 creatures vanquished.

Notes
Turn   | Place    | Note
-------+----------+-------------------------------------------
     0 | D:1      | taqueso the Formicid Fighter began the quest for the Orb.
     0 | D:1      | Reached XP level 1. HP: 18/18 MP: 1/1
   222 | D:1      | Reached XP level 2. HP: 24/24 MP: 2/2
   369 | D:1      | Reached skill level 4 in Shields
   923 | D:1      | Reached XP level 3. HP: 29/29 MP: 3/3
  1019 | D:2      | Reached skill level 3 in Axes
  1040 | D:2      | Found a runed door.
  1269 | D:2      | HP: 7/29 [worm (6)]
  1275 | D:2      | HP: 6/29 [kobold (2)]
  1358 | D:2      | Reached XP level 4. HP: 17/35 MP: 4/4
  2063 | D:2      | Reached skill level 4 in Axes
  2107 | D:2      | Noticed Crazy Yiuf
  2110 | D:2      | Killed Crazy Yiuf
  2110 | D:2      | Reached XP level 5. HP: 29/41 MP: 5/5
  2463 | D:3      | HP: 7/41 [gnoll/halberd (7)]
  2466 | D:3      | HP: 3/41 [gnoll/halberd (4)]
  2470 | D:3      | Slain by a gnoll

Vault maps used:
D:1:      dpeg_arrival_prison
D:2:      first_bread, uniq_crazy_yiuf_cottage
D:3:      corexii_shack_village, old_standard_altar, cheibriados_altar_wand_db,
          nicolae_overflow_crystal_walls, uniq_natasha

Skill      XL: |  1  2  3  4 |
---------------+-------------+-----
Shields        | 4 |  4.9
Axes           | 3 4 |  4.6
Fighting       | |  3.2
Armour         | |  3.2

Action                   |  1- 3 |  4- 6 || total
-------------------------+-------+-------++-------
Melee: War axe           |   137 |    84 ||   221
Throw: Stone             |    53 |    38 ||    91
 Abil: Dig               |     4 |     2 ||     6
  Use: Potion            |     3 |     2 ||     5
  Eat: Chunk             |     2 |     4 ||     6
Armor: Scale mail        |    47 |    35 ||    82
Dodge: Dodged            |    47 |    23 ||    70
Block: Shield            |    64 |    61 ||   125

Vault maps used:
D:1:      dpeg_arrival_prison
D:2:      first_bread, uniq_crazy_yiuf_cottage
D:3:      corexii_shack_village, old_standard_altar, cheibriados_altar_wand_db,
          nicolae_overflow_crystal_walls, uniq_natasha

Table legend:
 A = Turns spent in this place as a percentage of turns spent in the entire game.
 B = Non-inter-level travel turns spent in this place as a percentage of non-inter-level travel turns spent in the entire game.
 C = Inter-level travel turns spent in this place as a percentage of turns spent in this place.
 D = Turns resting spent in this place as a percentage of non-inter-level travel turns spent in this place.
 E = Turns spent auto-exploring this place as a percentage of non-inter-level travel turns spent in this place.
 F = Non-inter-level travel turns spent in this place divided by the number of levels of this place that you've seen.
                   A       B       C       D       E      F
               +-------+-------+-------+-------+-------+----------------------
         Total | 100.0 | 100.0 |   0.3 |   3.4 |  10.9 | 218.0
       Dungeon | 100.0 | 100.0 |   0.3 |   3.4 |  10.9 | 218.0
               +-------+-------+-------+-------+-------+----------------------

Table legend:
 A = Kills in this place as a percentage of kills in entire the game.
 B = Kills by you in this place as a percentage of kills by you in the entire game.
 C = Kills by friends in this place as a percentage of kills by friends in the entire game.
 D = Other kills in this place as a percentage of other kills in the entire game.
 E = Experience gained in this place as a percentage of experience gained in the entire game.
 F = Experience gained in this place divided by the number of levels of this place that you have seen.
                   A       B       C       D       E      F
               +-------+-------+-------+-------+-------+----------------------
         Total | 100.0 | 100.0 |  -nan |  -nan | 100.0 |  74.3
       Dungeon | 100.0 | 100.0 |  -nan |  -nan | 100.0 |  74.3
               +-------+-------+-------+-------+-------+----------------------
